 Dungeon Crawl Stone Soup version 0.28.0-43-g3370ac3207 (webtiles) character file.

Game seed: 8222961133963473932

10 mortz the Conjurer (level 2, -1/15 HPs)
             Began as a Deep Elf Conjurer on Mar 15, 2022.
             Slain by a gnoll
             ... wielding a +0 spear
              (7 damage)
             ... on level 1 of the Dungeon.
             The game lasted 00:03:16 (328 turns).

mortz the Conjurer (Deep Elf Conjurer)               Turns: 328, Time: 00:03:16

Health: -1/15      AC:  3    Str:  4    XL:     2   Next: 10%
Magic:  4/8        EV: 11    Int: 22    God:
Gold:   0          SH:  0    Dex: 13    Spells: 6/7 levels left

rFire   . . .      SeeInvis .   e - +0 whip {mace}
rCold   . . .      Faith    .   (no shield)
rNeg    . . .      Spirit   .   c - +0 leather armour
rPois   .          Reflect  .   (no helmet)
rElec   .          Harm     .   (no cloak)
rCorr   .          Rampage  .   (no gloves)
Will    .....                   (no boots)
Stlth   ++........              (no amulet)
HPRegen 0.05/turn               (no ring)
MPRegen 0.11/turn               (no ring)

@: no status effects
A: no striking features
a: no special abilities


You were on level 1 of the Dungeon.
You visited 1 branch of the dungeon, and saw 1 of its levels.


   Skills:
 + Level 2.7 Dodging
 + Level 2.4 Stealth
 + Level 3.1 Spellcasting
 + Level 4.7 Conjurations


You had 6 spell levels left.
You knew the following spells:

 Your Spells              Type           Power      Damage    Failure   Level
a - Magic Dart            Conj           96%        1d7       3%          1

Your spell library contained the following spells:

 Spells                   Type           Power      Damage    Failure   Level
 Searing Ray              Conj           48%        2d6       4%          2
 Dazzling Flash           Conj/Hex       26%        N/A       24%         3
 Fulminant Prism          Conj/Hex       6%         3d7       63%         4
 Iskenderun's Mystic Bla  Conj/Tloc      13%        2d5       63%         4

Inventory:

Hand Weapons
 e - a +0 whip (weapon) {mace}
   (You took it off a kobold on level 1 of the Dungeon)
Armour
 a - a +0 robe
 c - a +0 leather armour (worn)
   (You found it on level 1 of the Dungeon)
Scrolls
 b - a scroll of acquirement {unknown}
 f - a scroll of fear {unknown}
Potions
 d - a potion of degeneration {unknown}

Dungeon Overview and Level Annotations

Branches:
Dungeon (1/15)

Altars:

.....####
###.....#
####....#
...####.# ##
##.##...#
##P#
###....##
#P..####
..####.#
#..gP#P##
..# #.#
#♣[≈P.#.P#
..# #.#
#_)≈≈.@#.#
..# #>#
#♣.≈P.##.###
..## #.#
#...P#P.P.#
#..# #.#
#P..####..#
#..# #.#
##P# #.##.#
...# #.# ##
##.#..#
...###.#
#....##
.>..##.#
#.(#.#
.......#
#†.#.#


You could see a gnoll.


Message History

You lost 1 mp, and now have 2/6 mp.
Aiming: Magic Dart (safe; 3% risk of failure)
Press: ? - help, Q - select action Shift-Dir - straight line, f/p - giant cockroach
Aim: a giant cockroach (almost dead, 100% to hit)
The magic dart hits the giant cockroach.
You kill the giant cockroach! 😎 MP[-1]
You lost 1 mp, and now have 1/6 mp.
You see here a giant cockroach corpse.
Found a stone staircase leading down. 😎 MP[+5]
Your mp is fully restored (6).
There is a stone staircase leading down here.
There is a stone staircase leading down here.
f - a scroll labelled IFIBOT PERRUT A giant cockroach comes into view.
Aiming: Magic Dart (safe; 3% risk of failure)
Press: ? - help, Q - select action Shift-Dir - straight line, f - giant cockroach
Aim: a giant cockroach (asleep, 100% to hit)
The magic dart hits the giant cockroach. 😎 MP[-1]
You lost 1 mp, and now have 5/6 mp.
Aiming: Magic Dart (safe; 3% risk of failure)
Press: ? - help, Q - select action Shift-Dir - straight line, f/p - giant cockroach
Aim: a giant cockroach (heavily wounded, 100% to hit)
The magic dart hits the giant cockroach.
You kill the giant cockroach!
You have reached level 2! 😎 HP[+5]
You now have 15 max hp (+5).
Your hp is fully restored (15).
A rat comes into view. 😎 MP[+3]
Your mp is fully restored (8).
Aiming: Magic Dart (safe; 3% risk of failure)
Press: ? - help, Q - select action Shift-Dir - straight line, f - rat
Aim: a rat (asleep, 100% to hit)
The magic dart hits the rat.
You kill the rat! 😎 MP[-1]
You lost 1 mp, and now have 7/8 mp.
You see here a giant cockroach corpse.
You see here 13 arrows.
A goblin comes into view. It is wielding a +0 club.
Found a faded altar of an unknown god. 😎 MP[+1]
Your mp is fully restored (8).
Aiming: Magic Dart (safe; 3% risk of failure)
Press: ? - help, Q - select action Shift-Dir - straight line, f - goblin
Aim: a goblin, wielding a +0 club (asleep, 100% to hit)
The magic dart hits the goblin.
You kill the goblin! 😎 MP[-1]
You lost 1 mp, and now have 7/8 mp.
A gnoll comes into view. It is wielding a +0 spear. 😎 MP[+1]
Your mp is fully restored (8).
Memorise Searing Ray, consuming 2 spell levels and leaving 4? [Y]es or [N]o only, please.
Memorise Searing Ray, consuming 2 spell levels and leaving 4? [Y]es or [N]o only, please.
Memorise Searing Ray, consuming 2 spell levels and leaving 4?
The gnoll shouts!
You start memorising the spell.
You continue memorising.
The gnoll misses you.
You continue memorising.
The gnoll hits you from afar with a +0 spear.
Your memorisation is interrupted. 😮 HP[-4]
You take 4 damage, and now have 11/15 hp.
MASSIVE DAMAGE!! (PAUSE)
Aiming: Magic Dart (safe; 3% risk of failure)
Press: ? - help, Q - select action Shift-Dir - straight line, f - gnoll
Aim: a gnoll, wielding a +0 spear (100% to hit)
The magic dart hits the gnoll.
The gnoll closely misses you. 😮 MP[-1]
You lost 1 mp, and now have 7/8 mp.
Aiming: Magic Dart (safe; 3% risk of failure)
Press: ? - help, Q - select action Shift-Dir - straight line, f/p - gnoll
Aim: a gnoll, wielding a +0 spear (heavily wounded, 100% to hit)
The magic dart hits the gnoll.
The gnoll hits you from afar with a +0 spear. 😮 HP[-2] MP[-1]
You take 2 damage, and now have 9/15 hp.
You lost 1 mp, and now have 6/8 mp.
Aiming: Magic Dart (safe; 3% risk of failure)
Press: ? - help, Q - select action Shift-Dir - straight line, f/p - gnoll
Aim: a gnoll, wielding a +0 spear (severely wounded, 100% to hit)
The magic dart hits the gnoll.
The gnoll hits you from afar with a +0 spear.
* * * LOW HITPOINT WARNING * * *
😨 HP[-3] MP[-1]
You take 3 damage, and now have 6/15 hp.
You lost 1 mp, and now have 5/8 mp.
Aiming: Magic Dart (safe; 3% risk of failure)
Press: ? - help, Q - select action Shift-Dir - straight line, f/p - gnoll
Aim: a gnoll, wielding a +0 spear (severely wounded, 100% to hit)
The magic dart hits the gnoll.
The gnoll hits you from afar with a +0 spear!
You die...

Action                   || total
-------------------------++-------
 Cast: Magic Dart        ||    19
Dodge: Dodged            ||     3

Levels and vault maps discovered:
D:1:      amcnicky_arrival_wind_blow, layout_loops_ring,
          dreamdust_ecumenical_altar_hidden_monk_grotto, grunt_decor_fettered

Notes
Turn   | Place    | Note
-------+----------+-------------------------------------------
     0 | D:1      | mortz the Deep Elf Conjurer began the quest for the Orb.
     0 | D:1      | Reached XP level 1. HP: 10/10 MP: 6/6
     0 | D:1      | magus.rc [v1.9.6]
   251 | D:1      | Reached XP level 2. HP: 15/15 MP: 5/8
   311 | D:1      | Found a faded altar of an unknown god.
   328 | D:1      | Slain by a gnoll

Vanquished Creatures
  An endoplasm (D:1)
  2 giant cockroaches (D:1)
  A goblin (D:1)
  A kobold (D:1)
  A quokka (D:1)
  3 rats (D:1)
9 creatures vanquished.

Table legend:
 A = Non-vault XP
 B = Vault XP
 C = Vault XP percentage of total XP
 D = Non-vault monster count
 E = Vault monster count
 F = Vault count percentage of total count
                 A         B        C        D         E       F
            +---------+---------+-------+---------+---------+-------
      Total |      15 |       0 |   0.0 |       9 |       0 |   0.0
            +---------+---------+-------+---------+---------+-------
        D:1 |      15 |       0 |   0.0 |       9 |       0 |   0.0
            +---------+---------+-------+---------+---------+-------

Illustrated notes

Table legend:
 A = Kills in this place as a percentage of kills in entire the game.
 B = Kills by you in this place as a percentage of kills by you in the entire game.
 C = Kills by friends in this place as a percentage of kills by friends in the entire game.
 D = Other kills in this place as a percentage of other kills in the entire game.
 E = Experience gained in this place as a percentage of experience gained in the entire game.
 F = Experience gained in this place divided by the number of levels of this place that you have seen.
                   A       B       C       D       E      F
               +-------+-------+-------+-------+-------+----------------------
         Total | 100.0 | 100.0 |   N/A |   N/A | 100.0 |  15.0
       Dungeon | 100.0 | 100.0 |   N/A |   N/A | 100.0 |  15.0
               +-------+-------+-------+-------+-------+----------------------

Table legend: (Time is in decaauts)
 A = Elapsed time spent in this place.
 B = Non-inter-level travel time spent in this place.
 C = Inter-level travel time spent in this place.
 D = Time resting spent in this place.
 E = Time spent auto-exploring this place.
 F = Levels seen in this place.
 G = Mean time per level.
                   A        B        C        D        E       F      G
               +--------+--------+--------+--------+--------+-----+--------+
         Total |    327 |    327 |      0 |      0 |    277 |   1 |  327.0 |
       Dungeon |    327 |    327 |      0 |      0 |    277 |   1 |  327.0 |
               +--------+--------+--------+--------+--------+-----+--------+

Top non-repeatable levels by time:
     D:1: 327 daAuts
